 Dungeon Crawl Stone Soup version 0.22.0-1-g6561e4c (webtiles) character file.

144 mopl the Firebug (level 5, -4/31 HPs)
             Began as an Octopode Fire Elementalist on Aug 12, 2018.
             Slain by a wight
             ... wielding a +3 falchion
              (5 damage)
             ... on level 2 of the Dungeon.
             The game lasted 00:03:36 (2035 turns).

mopl the Firebug (Octopode Fire Elementalist)       Turns: 2035, Time: 00:03:37

Health: -4/31      AC:  1    Str:  7    XL:     5   Next: 27%
Magic:  1/9        EV: 12    Int: 18    God:
Gold:   101        SH:  0    Dex: 13    Spells: 2/10 levels left

rFire    . . .     SeeInvis .   a - +0 dagger (curse)
rCold    . . .     Gourm    .   (no shield)
rNeg     . . .     Faith    .   (helmet restricted)
rPois    .         Spirit   .   (no amulet)
rElec    .         Reflect  .   c - ring of stealth
rCorr    .         Harm     .   f - ring of attention (curse)
MR       .....                  (no ring)
Stlth    +++.......             (no ring)
HPRegen  0.10/turn              (no ring)
MPRegen  0.11/turn              (no ring)
                                (no ring)
                                (no ring)

@: very slightly contaminated, heavily drained
A: almost no armour, stealthy swim, amphibious, 8 rings, constrict 8, camouflage
1, gelatinous body 1
a: no special abilities


You were on level 2 of the Dungeon.
You were not hungry.

You visited 1 branch of the dungeon, and saw 3 of its levels.

You collected 101 gold pieces.

Inventory:

Hand Weapons
 a - a cursed +0 dagger (weapon)
Missiles
 m - a throwing net (quivered)
Jewellery
 c - a ring of stealth (left tentacle)
 f - a cursed ring of attention (right tentacle)
Scrolls
 h - a scroll of enchant armour {unknown}
 i - 2 scrolls of identify {unknown}
 j - a scroll of remove curse {unknown}
 l - 2 scrolls of teleportation {unknown}
 n - a scroll of blinking {unknown}
 p - a scroll of fear {unknown}
 q - a scroll of noise {unknown}
 r - a scroll of random uselessness {unknown}
Potions
 d - a potion of might {unknown}
 e - a potion of flight {unknown}
 g - a potion of haste {unknown}
 k - a potion of lignification {unknown}
 o - a potion of brilliance {unknown}
Comestibles
 b - 5 rations
 s - 2 chunks of flesh


   Skills:
 - Level 2.0(0.6) Dodging
 - Level 2.6(1.3) Stealth
 + Level 3.2(1.8) Spellcasting
 + Level 2.9(1.5) Conjurations
 + Level 4.1(2.6) Fire Magic


You had 2 spell levels left.
You knew the following spells:

 Your Spells              Type           Power        Failure   Level  Hunger
a - Flame Tongue          Conj/Fire      #....        8%          1    #......
c - Conjure Flame         Conj/Fire      #.......     24%         3    ###....
d - Sticky Flame          Conj/Fire      #.......     61%         4    #####..

Your spell library contained the following spells:

 Spells                   Type           Power        Failure   Level  Hunger
 Fireball                 Conj/Fire      #.........   91%         5    ######.
 Throw Flame              Conj/Fire      #.....       12%         2    ###....
 Inner Flame              Hex/Fire       #.......     32%         3    ###....


Dungeon Overview and Level Annotations

Branches:
Dungeon (3/15)

Altars:
Hepliaklqana
Ru


Innate Abilities, Weirdness & Mutations

You cannot wear most types of armour.
You are very stealthy in the water. (Stealth+)
You are amphibious.
You can wear up to eight rings at the same time.
You can use your tentacles to constrict eight enemies at once.
Your skin changes colour to match your surroundings (Stealth+).
Your rubbery body absorbs attacks. (AC +1, EV +1)


Message History

Aiming: Flame Tongue (safe; 7% risk of failure)
Press: ? - help, Shift-Dir - straight line, f/p - wight
Aim: a wight, wielding an enchanted falchion, wearing a robe and wearing a pearl ring (severely damaged, constricted by you)
The flame tongue hits the wight.
The wight is severely damaged.
You constrict the wight.
The wight hits you with an enchanted falchion.
* * * LOW HITPOINT WARNING * * *
You feel drained.
* * * LOW HITPOINT WARNING * * *
Casting: Flame Tongue (safe; 8% risk of failure)
Confirm with . or Enter, or press ? or * to list all spells.
Aiming: Flame Tongue (safe; 8% risk of failure)
Press: ? - help, Shift-Dir - straight line, f/p - wight
Aim: a wight, wielding an enchanted falchion, wearing a robe and wearing a pearl ring (almost destroyed, constricted by you)
The flame tongue hits the wight.
The wight is almost destroyed.
You constrict the wight, but do no damage.
The wight hits you with an enchanted falchion.
You die...

###### #........# #....#
#.......####### #.##.##
#..............
#.##..############.......#######
#.##...##...<..)..####.#......##
#.#...........###.####...###.###
##.#.###'###.#.# #.##<......#.# #
.....# #.# #...###.########.#.# #
.....###.###...z@#.# #.#.# #
.....'.._###.#.....# #)#†# #
).##.###.###.###.### #.#.# .....#
#.# #.###.# #.#(#
..##.###'###..##.# #...#
..##.............################
..########....##.................
..# ######################## ..#


You could see a wight.

Vanquished Creatures
  A wight (D:3)
  A bullfrog skeleton (D:3)
  2 adders (D:2)
  2 oozes (D:1)
  3 leopard geckos
  An orc (D:3)
  2 ball pythons
  2 giant cockroaches (D:1)
  5 goblins
  5 hobgoblins
  A jackal (D:1)
  7 kobolds
  A quokka (D:3)
  4 bats
  6 frilled lizards
  A rat (D:1)
44 creatures vanquished.

Notes
Turn   | Place    | Note
-------+----------+-------------------------------------------
     0 | D:1      | mopl the Octopode Fire Elementalist began the quest for the Orb.
     0 | D:1      | Reached XP level 1. HP: 11/11 MP: 3/3
   142 | D:1      | Reached XP level 2. HP: 17/17 MP: 5/5
   433 | D:1      | Reached XP level 3. HP: 17/21 MP: 6/6
   493 | D:1      | Learned a level 3 spell: Conjure Flame
   874 | D:2      | Found a sacrificial altar of Ru.
   888 | D:2      | Reached skill level 2 in Conjurations
  1435 | D:2      | Reached XP level 4. HP: 13/27 MP: 3/8
  1672 | D:2      | Learned a level 4 spell: Sticky Flame
  1768 | D:3      | Found a hazy altar of Hepliaklqana.
  1808 | D:3      | Reached skill level 3 in Spellcasting
  1826 | D:3      | Reached skill level 4 in Fire Magic
  1826 | D:3      | Reached XP level 5. HP: 17/31 MP: 1/9
  2034 | D:2      | HP: 1/31 [wight/enchanted falchion (1)]
  2035 | D:2      | Slain by a wight

Skill      XL: |  1  2  3  4 |
---------------+-------------+-----
Conjurations   | 2 |  2.9
Spellcasting   | 3 |  3.2
Fire Magic     | 4 |  4.1
Dodging        | |  2.0
Stealth        | |  2.6

Action                   |  1- 3 |  4- 6 || total
-------------------------+-------+-------++-------
Melee: Dagger            |    66 |    22 ||    88
       Constrict         |    12 |     6 ||    18
       Tentacles         |     7 |     2 ||     9
 Cast: Flame Tongue      |    19 |    18 ||    37
 Stab: Sleeping          |     7 |       ||     7
       Distracted        |     1 |       ||     1
  Eat: Chunk             |     2 |     2 ||     4
Armor: Skin              |     7 |     2 ||     9
Dodge: Dodged            |    46 |    16 ||    62
